| TOP OF THE 1ST |
|
Geneva Red Legs batting - Pitching for Auburn Red Stars : RHP Luis Curet
|
|
Pitching: RHP Luis Curet
|
|
|
Batting: RHB Bob Brower
|
0-0: Called Strike 0-1: Called Strike 0-2: Ball 1-2: Foul Ball, location: 2F 1-2: Foul Ball, location: 2F 1-2: Ball 2-2: Fly out, F8 (Line Drive, 8RD, EV 85.6 MPH)
|
|
Batting: SHB Juan Castillo
|
0-0: Ball 1-0: Ball 2-0: Ball 3-0: Called Strike 3-1: Foul Ball, location: 2F 3-2: Base on Balls
|
|
Batting: LHB Mike Kingery
|
0-0: Fly out, F8 (Line Drive, 8RM, EV 98.1 MPH)
|
|
Batting: LHB Orsino Hill
|
0-0: Ball Juan Castillo is caught stealing 2nd base 2-6
|
| Top of the 1st over - 0 runs, 0 hits, 0 errors, 0 left on base; Geneva 0 - Auburn 0 |
| BOTTOM OF THE 1ST |
|
Auburn Red Stars batting - Pitching for Geneva Red Legs : RHP Jerry Jenkins
|
|
Pitching: RHP Jerry Jenkins
|
|
|
Batting: RHB Jose Rodriguez
|
0-0: Ball 1-0: Ball 2-0: Called Strike 2-1: Fly out, F6 (Flyball, 56D, EV 76.3 MPH)
|
|
Batting: RHB Clemente Acuna
|
0-0: Fly out, F4 (Line Drive, 4, EV 68.1 MPH)
|
|
Batting: LHB Jeff Kenaga
|
0-0: Ball 1-0: Swinging Strike 1-1: Ground out 6-3 (Groundball, 6, EV 91.9 MPH)
|
| Bottom of the 1st over - 0 runs, 0 hits, 0 errors, 0 left on base; Geneva 0 - Auburn 0 |
| TOP OF THE 2ND |
|
Geneva Red Legs batting - Pitching for Auburn Red Stars : RHP Luis Curet
|
|
Batting: LHB Orsino Hill
|
0-0: Ball 1-0: Called Strike 1-1: Ball 2-1: Swinging Strike 2-2: Strikes out swinging
|
|
Batting: RHB Victor Mendoza
|
0-0: Ball 1-0: Called Strike 1-1: Foul Ball, location: 2F 1-2: Strikes out swinging
|
|
Batting: LHB Louis Sottile
|
0-0: Called Strike 0-1: Swinging Strike 0-2: Ball 1-2: Strikes out swinging
|
| Top of the 2nd over - 0 runs, 0 hits, 0 errors, 0 left on base; Geneva 0 - Auburn 0 |
| BOTTOM OF THE 2ND |
|
Auburn Red Stars batting - Pitching for Geneva Red Legs : RHP Jerry Jenkins
|
|
Batting: RHB Alfredo Torres
|
0-0: TRIPLE (Line Drive, 78XD, EV 109.4 MPH)
|
|
Batting: LHB John Stefero
|
0-0: Ball 1-0: Ball 2-0: Foul Ball, location: 2F 2-1: Swinging Strike 2-2: Foul Ball, location: 2F 2-2: Ground out U3 (Groundball, 3L, EV 102.5 MPH)
|
|
Batting: RHB Steve McQueen
|
0-0: Swinging Strike 0-1: Ball 1-1: Foul Ball, location: 2F 1-2: Foul Ball, location: 2F 1-2: Foul Ball, location: 2F 1-2: Ball 2-2: Foul Ball, location: 2F 2-2: SINGLE (Groundball, 4D, EV 108.1 MPH) Alfredo Torres scores
|
|
Batting: LHB Luis Roman
|
0-0: Ball 1-0: Ball 2-0: Ball 3-0: Called Strike 3-1: Swinging Strike 3-2: Base on Balls Steve McQueen to second
|
|
Batting: RHB William Chamberlain
|
0-0: Called Strike 0-1: Swinging Strike 0-2: Strikes out swinging
|
|
Batting: RHB Antonio Quevedo
|
0-0: Ball 1-0: Ball 2-0: Ball 3-0: Called Strike 3-1: Foul Ball, location: 2F 3-2: SINGLE (Groundball, 6S, EV 69.4 MPH) (infield hit) Steve McQueen to third Luis Roman to second
|
|
Batting: RHB Jose Rodriguez
|
0-0: Ball 1-0: Called Strike 1-1: Called Strike 1-2: DOUBLE (Line Drive, 78M, EV 115.0 MPH) Steve McQueen scores Luis Roman scores Antonio Quevedo to third Runner from 3rd tries for Home, SAFE, no throw by CF
|
|
Batting: RHB Clemente Acuna
|
0-0: Ball 1-0: SINGLE (Flyball, 7S, EV 93.8 MPH) Jose Rodriguez to third Runner from 3rd tries for Home, throw by LF and OUT! 7-2
|
| Bottom of the 2nd over - 4 runs, 5 hits, 0 errors, 1 left on base; Geneva 0 - Auburn 4 |
| TOP OF THE 3RD |
|
Geneva Red Legs batting - Pitching for Auburn Red Stars : RHP Luis Curet
|
|
Batting: RHB Ricky Velasquez
|
0-0: Ground out 6-3 (Groundball, 6, EV 87.5 MPH)
|
|
Batting: LHB Juan Araujo
|
0-0: Called Strike 0-1: Ball 1-1: Ball 2-1: Foul Ball, location: 2F 2-2: Ball 3-2: Fly out, F6 (Popup, P, EV 88.1 MPH)
|
|
Batting: RHB Danny Reyes
|
0-0: Ball 1-0: Ground out 3-1 (Groundball, 13, EV 81.9 MPH)
|
| Top of the 3rd over - 0 runs, 0 hits, 0 errors, 0 left on base; Geneva 0 - Auburn 4 |
| BOTTOM OF THE 3RD |
|
Auburn Red Stars batting - Pitching for Geneva Red Legs : RHP Jerry Jenkins
|
|
Batting: LHB Jeff Kenaga
|
0-0: Foul Ball, location: 2F 0-1: Ball 1-1: Ball 2-1: Swinging Strike 2-2: Strikes out swinging
|
|
Batting: RHB Alfredo Torres
|
0-0: Swinging Strike 0-1: Ball 1-1: Foul Ball, location: 2F 1-2: Strikes out swinging
|
|
Batting: LHB John Stefero
|
0-0: Called Strike 0-1: Ball 1-1: Ball 2-1: Foul Ball, location: 2F 2-2: Foul Ball, location: 2F 2-2: Foul Ball, location: 2F 2-2: Foul Ball, location: 2F 2-2: Ground out 4-3 (Groundball, 4, EV 88.8 MPH)
|
| Bottom of the 3rd over - 0 runs, 0 hits, 0 errors, 0 left on base; Geneva 0 - Auburn 4 |
| TOP OF THE 4TH |
|
Geneva Red Legs batting - Pitching for Auburn Red Stars : RHP Luis Curet
|
|
Batting: RHB Bob Brower
|
0-0: Called Strike 0-1: Foul Ball, location: 2F 0-2: Strikes out swinging
|
|
Batting: SHB Juan Castillo
|
0-0: Reached on error, E4 (Groundball, 4, EV 98.8 MPH)
|
|
Batting: LHB Mike Kingery
|
0-0: Called Strike 0-1: Called Strike 0-2: Foul Ball, location: 2F 0-2: Fly out, F7 (Flyball, 7, EV 88.8 MPH)
|
|
Batting: LHB Orsino Hill
|
0-0: Called Strike 0-1: Ball 1-1: Swinging Strike 1-2: Ball 2-2: Strikes out swinging
|
| Top of the 4th over - 0 runs, 0 hits, 1 error, 1 left on base; Geneva 0 - Auburn 4 |
| BOTTOM OF THE 4TH |
|
Auburn Red Stars batting - Pitching for Geneva Red Legs : RHP Jerry Jenkins
|
|
Batting: RHB Steve McQueen
|
0-0: Ball 1-0: Ball 2-0: Swinging Strike 2-1: Ball 3-1: Foul Ball, location: 2F 3-2: Base on Balls
|
|
Batting: LHB Luis Roman
|
0-0: Grounds into double play, 5-4-3 (Groundball, 56, EV 102.5 MPH)
|
|
Batting: RHB William Chamberlain
|
0-0: Ball 1-0: Fly out, F9 (Flyball, 89M, EV 88.8 MPH)
|
| Bottom of the 4th over - 0 runs, 0 hits, 0 errors, 0 left on base; Geneva 0 - Auburn 4 |
| TOP OF THE 5TH |
|
Geneva Red Legs batting - Pitching for Auburn Red Stars : RHP Luis Curet
|
|
Batting: RHB Victor Mendoza
|
0-0: Called Strike 0-1: Fly out, F8 (Line Drive, 8LD, EV 94.4 MPH)
|
|
Batting: LHB Louis Sottile
|
0-0: Ball 1-0: Called Strike 1-1: DOUBLE (Line Drive, 7LS, EV 106.9 MPH)
|
|
Batting: RHB Ricky Velasquez
|
0-0: Called Strike 0-1: Swinging Strike 0-2: SINGLE (Line Drive, 89S, EV 104.4 MPH) Louis Sottile to third Runner from 3rd tries for Home, SAFE, throw by RF to home
|
|
Batting: LHB Juan Araujo
|
0-0: Ball 1-0: Fielders Choice at 2nd, 4-6 (Groundball, 34D, EV 104.4 MPH)
|
|
Batting: RHB Danny Reyes
|
0-0: Called Strike 0-1: Ball 1-1: Ball 2-1: Foul Ball, location: 2F 2-2: Ball Juan Araujo steals 2nd base 3-2: Foul Ball, location: 2F 3-2: Foul Ball, location: 2F 3-2: Fly out, F8 (Flyball, 8RM, EV 88.8 MPH)
|
| Top of the 5th over - 1 run, 2 hits, 0 errors, 1 left on base; Geneva 1 - Auburn 4 |
| BOTTOM OF THE 5TH |
|
Auburn Red Stars batting - Pitching for Geneva Red Legs : RHP Jerry Jenkins
|
|
Batting: RHB Antonio Quevedo
|
0-0: Ball 1-0: Called Strike 1-1: Ground out 5-3 (Groundball, 56, EV 88.8 MPH)
|
|
Batting: RHB Jose Rodriguez
|
0-0: Called Strike 0-1: Ball 1-1: Called Strike 1-2: Foul Ball, location: 2F 1-2: Foul Ball, location: 2F 1-2: Foul Ball, location: 2F 1-2: TRIPLE (Flyball, 8RXD, EV 88.8 MPH)
|
|
Batting: RHB Clemente Acuna
|
0-0: Ball 1-0: Ball 2-0: Foul Ball, location: 2F 2-1: SINGLE (Line Drive, 8LS, EV 95.6 MPH) Jose Rodriguez scores
|
|
Batting: LHB Jeff Kenaga
|
0-0: Called Strike 0-1: Foul Ball, location: 2F 0-2: Fielders Choice at 2nd, 1-6 (Groundball, 13, EV 65.0 MPH)
|
|
Batting: RHB Alfredo Torres
|
0-0: Foul Ball, location: 2F 0-1: Foul Ball, location: 2F 0-2: Ball 1-2: Ball 2-2: DOUBLE (Line Drive, 78D, EV 110.0 MPH) Jeff Kenaga to third Runner from 3rd tries for Home, SAFE, throw by CF to trailing runner, SAFE at third!
|
|
Pitching: RHP Mark King
|
|
|
Batting: LHB John Stefero
|
0-0: Swinging Strike 0-1: Called Strike 0-2: Foul Ball, location: 2F 0-2: Ball 1-2: Strikes out swinging
|
| Bottom of the 5th over - 2 runs, 3 hits, 0 errors, 1 left on base; Geneva 1 - Auburn 6 |
| TOP OF THE 6TH |
|
Geneva Red Legs batting - Pitching for Auburn Red Stars : RHP Luis Curet
|
|
Batting: RHB Bob Brower
|
0-0: Called Strike 0-1: Called Strike 0-2: Ball 1-2: SINGLE (Line Drive, 34D, EV 105.0 MPH)
|
|
Batting: SHB Juan Castillo
|
0-0: Called Strike 0-1: Fielders Choice at 2nd, 6-4 (Groundball, 6S, EV 85.0 MPH)
|
|
Batting: LHB Mike Kingery
|
0-0: Ball 1-0: Swinging Strike 1-1: Ball 2-1: TRIPLE (Flyball, 78XD, EV 111.9 MPH) Juan Castillo scores
|
|
Batting: LHB Orsino Hill
|
0-0: Called Strike 0-1: Ball 1-1: Ball 2-1: Swinging Strike 2-2: Strikes out swinging
|
|
Pitching: RHP Paul Gnacinski
|
|
|
Batting: RHB Victor Mendoza
|
0-0: Ball 1-0: Called Strike 1-1: Ball 2-1: Foul Ball, location: 2F 2-2: Strikes out swinging
|
| Top of the 6th over - 1 run, 2 hits, 0 errors, 1 left on base; Geneva 2 - Auburn 6 |
| BOTTOM OF THE 6TH |
|
Auburn Red Stars batting - Pitching for Geneva Red Legs : RHP Mark King
|
|
Batting: RHB Steve McQueen
|
0-0: Ball 1-0: Foul Ball, location: 2F 1-1: Ball 2-1: Fly out, F8 (Line Drive, 8LD, EV 96.9 MPH)
|
|
Batting: LHB Luis Roman
|
0-0: Ball 1-0: Ball 2-0: SINGLE (Groundball, 4MD, EV 96.9 MPH)
|
|
Batting: RHB William Chamberlain
|
0-0: Called Strike 0-1: Ball 1-1: Ball 2-1: Ball 3-1: Base on Balls Luis Roman to second
|
|
Batting: RHB Antonio Quevedo
|
0-0: Called Strike 0-1: Ball Luis Roman steals 3rd base William Chamberlain to second 1-1: Ball 2-1: Ground out 5-3 (Groundball, 56, EV 81.9 MPH) Luis Roman scores
|
|
Batting: RHB Jose Rodriguez
|
0-0: Swinging Strike 0-1: Foul Ball, location: 2F 0-2: Foul Ball, location: 2F 0-2: DOUBLE (Line Drive, 9LM, EV 90.6 MPH) William Chamberlain scores
|
|
Batting: RHB Clemente Acuna
|
0-0: Ball 1-0: Foul Ball, location: 2F 1-1: Foul Ball, location: 2F 1-2: Foul Ball, location: 2F 1-2: Ball 2-2: Strikes out swinging
|
| Bottom of the 6th over - 2 runs, 2 hits, 0 errors, 1 left on base; Geneva 2 - Auburn 8 |
| TOP OF THE 7TH |
|
Geneva Red Legs batting - Pitching for Auburn Red Stars : RHP Paul Gnacinski
|
|
Batting: LHB Louis Sottile
|
0-0: Called Strike 0-1: Called Strike 0-2: Strikes out swinging
|
|
Batting: RHB Ricky Velasquez
|
0-0: Foul Ball, location: 2F 0-1: Called Strike 0-2: Strikes out swinging
|
|
Batting: LHB Juan Araujo
|
0-0: Foul Ball, location: 2F 0-1: Ball 1-1: Swinging Strike 1-2: Ball 2-2: Foul Ball, location: 2F 2-2: Ground out U3 (Groundball, 34, EV 91.3 MPH)
|
| Top of the 7th over - 0 runs, 0 hits, 0 errors, 0 left on base; Geneva 2 - Auburn 8 |
| BOTTOM OF THE 7TH |
|
Auburn Red Stars batting - Pitching for Geneva Red Legs : RHP Mark King
|
|
Batting: LHB Jeff Kenaga
|
0-0: Ball 1-0: Foul Ball, location: 2F 1-1: Fly out, F7 (Flyball, 78M, EV 95.0 MPH)
|
|
Batting: RHB Alfredo Torres
|
0-0: Ball 1-0: Swinging Strike 1-1: Swinging Strike 1-2: Ball 2-2: Foul Ball, location: 2F 2-2: Strikes out swinging, 2-3 out at first.
|
|
Batting: LHB John Stefero
|
0-0: Ball 1-0: Ball 2-0: Foul Ball, location: 2F 2-1: Ball 3-1: Base on Balls
|
|
Batting: RHB Steve McQueen
|
0-0: Ball 1-0: Called Strike 1-1: Ball 2-1: Foul Ball, location: 2F 2-2: Ball 3-2: Ground out 5-3 (Groundball, 56S, EV 93.8 MPH)
|
| Bottom of the 7th over - 0 runs, 0 hits, 0 errors, 1 left on base; Geneva 2 - Auburn 8 |
| TOP OF THE 8TH |
|
Geneva Red Legs batting - Pitching for Auburn Red Stars : RHP Paul Gnacinski
|
|
Batting: RHB Danny Reyes
|
0-0: Swinging Strike 0-1: Called Strike 0-2: Strikes out swinging, 2-3 out at first.
|
|
Batting: RHB Bob Brower
|
0-0: Called Strike 0-1: Foul Ball, location: 2F 0-2: Foul Ball, location: 2F 0-2: Ball 1-2: Ground out 5-3 (Groundball, 15, EV 82.5 MPH)
|
|
Batting: SHB Juan Castillo
|
0-0: Swinging Strike 0-1: Ground out 6-3 (Groundball, 6M, EV 86.3 MPH)
|
| Top of the 8th over - 0 runs, 0 hits, 0 errors, 0 left on base; Geneva 2 - Auburn 8 |
| BOTTOM OF THE 8TH |
|
Auburn Red Stars batting - Pitching for Geneva Red Legs : RHP Mark King
|
|
Batting: LHB Luis Roman
|
0-0: Swinging Strike 0-1: Ball 1-1: Ball 2-1: Ball 3-1: Called Strike 3-2: SINGLE (Line Drive, 89S, EV 113.8 MPH)
|
|
Pitching: RHP Rich Yett
|
|
|
Batting: RHB William Chamberlain
|
0-0: Ball 1-0: SINGLE (Groundball, 6MD, EV 105.0 MPH) Luis Roman to second Runner from 2nd tries for 3rd, OUT! 8-5
|
|
Batting: RHB Antonio Quevedo
|
0-0: Called Strike 0-1: Ball 1-1: Called Strike 1-2: Strikes out looking
|
|
Batting: RHB Jose Rodriguez
|
0-0: Called Strike 0-1: Foul Ball, location: 2F 0-2: Ball 1-2: Strikes out swinging
|
| Bottom of the 8th over - 0 runs, 2 hits, 0 errors, 1 left on base; Geneva 2 - Auburn 8 |
| TOP OF THE 9TH |
|
Geneva Red Legs batting - Pitching for Auburn Red Stars : RHP Paul Gnacinski
|
|
Batting: LHB Mike Kingery
|
0-0: Swinging Strike 0-1: Foul Ball, location: 2F 0-2: Ball 1-2: Ball 2-2: Ball 3-2: Fly out, F8 (Flyball, 8LXD, EV 105.0 MPH)
|
|
Batting: LHB Orsino Hill
|
0-0: Foul Ball, location: 2F 0-1: Called Strike 0-2: Fly out, F4 (Popup, 4D, EV 63.1 MPH)
|
|
Batting: RHB Victor Mendoza
|
0-0: Ball 1-0: Called Strike 1-1: Fly out, F7 (Flyball, 7, EV 86.9 MPH)
|
| Top of the 9th over - 0 runs, 0 hits, 0 errors, 0 left on base; Geneva 2 - Auburn 8 |
|